 Dungeon Crawl Stone Soup version 0.31.0-11-ge490571c62 (webtiles) character file.

Game seed: 12935079347624974239

6412 Esekla the Covert (level 10, -1/69 HPs)
             Began as an Octopode Wanderer on Feb 4, 2024.
             Was an Elder of Vehumet.
             Slain by a cane toad (9 damage)
             ... on level 1 of the Lair of Beasts.
             The game lasted 01:23:40 (8463 turns).

Esekla the Covert (Octopode Wanderer)               Turns: 8463, Time: 01:23:41

Health: -1/69      AC:  9    Str: 13    XL:     10   Next: 98%
Magic:  14/18      EV: 22    Int: 15    God:    Vehumet [****..]
Gold:   311        SH:  0    Dex: 18    Spells: 8/20 levels left

rFire   . . .        a - +5 falchion of the Dove {drain, Dex+4}
rCold   . . .        (no shield)
rNeg    . . .        o - +2 hat
rPois   .            m - amulet of regeneration
rElec   .            y - +5 ring of evasion
rCorr   .            (no ring)
SInv    .            (no ring)
Will    .....        (no ring)
Stlth   +++++        (no ring)
HPRegen 1.11/turn    (no ring)
MPRegen 0.16/turn    (no ring)
                     (no ring)

%: no passive effects
@: lethally poisoned (-1 -> -4), ice-armoured, freezing walls
A: almost no armour, amphibious, 8 rings, camouflage 1, gelatinous body 1,
(nimble swimmer 1), tentacles
a: Renounce Religion


You were on level 1 of the Lair of Beasts.
You worshipped Vehumet.
Vehumet was greatly pleased with you.
You visited 3 branches of the dungeon, and saw 11 of its levels.

You collected 522 gold pieces.
You spent 211 gold pieces at shops.

Inventory:

Hand Weapons
 a - the +5 falchion of the Dove (weapon) {drain, Dex+4}
   (You bought it in a shop on level 5 of the Dungeon)

   Dex+4:     It affects your dexterity (+4).
 c - a +4 spear
 s - a +2 dagger of venom
Missiles
 i - 36 poisoned darts (quivered)
 v - 4 javelins
Armour
 o - a +2 hat (worn)
Jewellery
 m - an amulet of regeneration (around mantle)
 y - a +5 ring of evasion (left tentacle)
 C - an amulet of magic regeneration
Wands
 w - a wand of roots (12)
Scrolls
 e - 3 scrolls of enchant weapon
 f - 3 scrolls of teleportation
 g - a scroll of brand weapon {unknown}
 h - a scroll of revelation {unknown}
 j - 2 scrolls of blinking
 p - a scroll of enchant armour
 q - a scroll of fear
 t - 2 scrolls of poison
 u - a scroll of torment {unknown}
 x - a scroll of acquirement {unknown}
 z - a scroll of fog {unknown}
 A - 3 scrolls of vulnerability {unknown}
Potions
 d - a potion of enlightenment
 k - 3 potions of mutation
 l - 2 potions of haste
 n - 2 potions of curing
 B - a potion of berserk rage


   Skills:
 + Level 6.5 Fighting
 + Level 5.5(6.4) Short Blades
 + Level 4.8(6.0) Long Blades
 + Level 1.8 Throwing
 * Level 6.9 Dodging
 + Level 8.8 Stealth
 * Level 5.9 Spellcasting
 * Level 1.1 Conjurations
 * Level 2.2 Necromancy
 + Level 6.1 Ice Magic
 * Level 1.1 Air Magic
 * Level 1.6 Alchemy
 + Level 2.0 Invocations
 + Level 0.4 Evocations


You had 8 spell levels left.
You knew the following spells:

 Your Spells              Type           Power      Damage    Failure   Level
a - Ozocubu's Armour      Ice            22%        N/A       3%          3
c - Mephitic Cloud        Conj/Alch/Air  8%         N/A       7%          3
r - Frozen Ramparts       Ice            44%        1d7       1%          3
w - Fugue of the Fallen   Necr           11%        N/A       17%         3

Your spell library contained the following spells:

 Spells                   Type           Power      Damage    Failure   Level
 Volatile Blastmotes      Fire/Tloc      8%         2d10      12%         3
 Dazzling Flash           Conj/Hex       12%        N/A       10%         3
 Cigotuvi's Dreadful Rot  Necr/Alch/Air  18%        N/A       11%         2
 Petrify                  Alch/Erth      6%         N/A       71%         4
 Manifold Assault         Tloc           4%         N/A       83%         4
 Curse of Agony           Necr           11%        N/A       85%         5
 Silence                  Hex/Air        3%         N/A       97%         5
 Summon Mana Viper        Hex/Summ       4%         N/A       99%         5
 Summon Hydra             Summ           2%         N/A       100%        7


Dungeon Overview and Level Annotations

Branches:
Dungeon (9/15)             Temple (1/1) D:4            Lair (1/5) D:8
    Orc: D:9-12

Altars:
Ashenzari
Cheibriados
Dithmenos
Elyvilon
Fedhas
Gozag
Hepliaklqana
Kikubaaqudgha
Makhleb
Nemelex Xobeh
Okawaru
Qazlal
Ru
Sif Muna
Trog
Uskayaw
Vehumet
Wu Jian
Xom
Yredelemnul
Zin
The Shining One
Lugonu

Shops:
D:5 (:*:!

Portals:
Abyss: D:5

Annotations:
D:5 2 runed translucent doors
D:6 1 runed translucent door, Crazy Yiuf
D:9 Harold
Lair:1 Gastronok


Innate Abilities, Weirdness & Mutations

You cannot wear most types of armour.
You are amphibious.
You can wear up to eight rings at the same time.
Your skin changes colour to match your surroundings (Stealth+).
Your rubbery body absorbs attacks. (AC +1, EV +1)
((You are camouflaged when in or above water. (Stealth+)))
You have tentacles for arms and can constrict up to eight enemies at once.


Message History

The blink frog blinks!
The cane toad croaks.
Aiming: Fastroot
Press: ? - help, Shift-Dir - straight line, f - blink frog
Aim: a blink frog (almost dead)
The roots erupt in riotous growth!
Roots grab the blink frog.
The grasping roots constrict the blink frog.
The blink frog struggles to blink free from constriction.
The blink frog escapes!
Aiming: Fastroot
Press: ? - help, Shift-Dir - straight line, p - blink frog
Okay, then.
The frozen ramparts melt away.
Casting: Frozen Ramparts (safe; 1% risk of failure)
Confirm with . or Enter, or press ? or * to list all spells.
Casting: Frozen Ramparts (safe; 1% risk of failure)
Press: ? - help, Dir - look around, f - activate The walls around you are covered in ice.
The wall freezes the blink frog.
The blink frog seems to slow down.
The blink frog closely misses you.
The wall freezes the cane toad but does no damage.
The cane toad stings you!
* * * LOW HITPOINT WARNING * * *
The wall freezes the blink frog.
The blink frog blinks!
You hit the cane toad but do no damage. You drain the cane toad.
You grab the cane toad. You squeeze the cane toad!
The cane toad is moderately wounded.
You constrict the cane toad.
The wall freezes the cane toad but does no damage.
The cane toad completely misses you.
You hit the cane toad. You drain the cane toad.
The cane toad is heavily wounded.
You constrict the cane toad.
The wall freezes the cane toad.
The cane toad seems to slow down.
The cane toad stings you!
* * * LOW HITPOINT WARNING * * *
You are poisoned.
The cane toad poisons you!
The wall freezes the cane toad.
The cane toad seems to slow down.
The cane toad stings you!
You die...

.........P##.............#~~~~~#.
...).....###........§.....~~~~~#.
.........###......F......#~~~~~#.
###.#....##P.............#~~~~~#.
###....###.............#####.#.
##....# #.....S...............
####.....# #P...#.P##..#######...
.........# ##..F######## ##.#
#####....# #.F†@# #Z# #....#
#...## #Z# ##....# #....# #.#
#.....# #...## #.Y ##....####...#
### #...........# ####.######.#
### ###


You could see a cane toad (slow, drained) and a blink frog (slow).

Vanquished Creatures
  Maurice (D:7)
  A black mamba (Lair:1)
  An unseen horror (D:8)
  A troll (D:7)
  2 blink frogs (Lair:1)
  Prince Ribbit (D:6)
  A wyvern (D:8)
  2 steam dragons
  A vampire mosquito (D:8)
  Menkaure (D:4)
  2 acid dragons
  2 water moccasins (D:6)
  3 orc warriors
  A sky beast (D:7)
  An ice beast (D:7)
  A black bear (D:7)
  An ogre (D:7)
  2 wolves
  3 centaurs
  A phantom (D:5)
  A kobold brigand (D:7)
  5 bullfrogs
  A scorpion (D:7)
  9 wights
  6 howler monkeys
  A jelly (D:7)
  2 bombardier beetles
  A gnoll bouda (D:7)
  9 orc priests
  2 sleepcaps
  Terence (D:2)
  Jessica (D:3)
  Natasha (thrice) (D:2)
  2 iguanas
  13 orc wizards
  Robin (D:2)
  9 gnolls
  4 adders
  3 shadow imps
  6 white imps
  8 ufetubi
  2 dart slugs
  2 ribbon worms
  27 orcs
  4 endoplasms
  3 giant cockroaches
  12 goblins
  10 hobgoblins
  8 jackals
  3 quokkas
  3 ball pythons (D:1)
  5 bats
  4 frilled lizards (D:1)
  12 kobolds
  6 rats
218 creatures vanquished.

Notes
Turn   | Place    | Note
-------+----------+-------------------------------------------
     0 | D:1      | Esekla the Octopode Wanderer began the quest for the Orb.
     0 | D:1      | Esekla set off with the following items: a +3 short sword,
                  | a +0 hat, a potion of heal wounds.
     0 | D:1      | Reached XP level 1. HP: 17/17 MP: 2/2
   252 | D:1      | Reached XP level 2. HP: 22/22 MP: 3/3
   423 | D:1      | Reached XP level 3. HP: 22/27 MP: 4/4
   576 | D:1      | Reached skill level 2 in Stealth
   852 | D:1      | You fall into a shaft and drop 1 floor!
   920 | D:2      | Noticed Robin
   942 | D:2      | Killed Robin
   945 | D:2      | Reached XP level 4. HP: 34/34 MP: 5/5
   966 | D:2      | Noticed Natasha
   975 | D:2      | Noticed Terence
  1067 | D:2      | Reached skill level 1 in Dodging
  1138 | D:2      | Killed Natasha
  1156 | D:1      | Learned a level 3 spell: Ozocubu's Armour
  1188 | D:2      | Reached skill level 1 in Ice Magic
  1427 | D:3      | Noticed Jessica
  1467 | D:3      | Killed Jessica
  1468 | D:3      | Reached XP level 5. HP: 38/38 MP: 6/6
  1570 | D:3      | Reached skill level 3 in Stealth
  1679 | D:3      | Found a shadowy altar of Dithmenos.
  1774 | D:3      | Reached skill level 1 in Spellcasting
  1778 | D:3      | Found a glowing golden altar of the Shining One.
  1788 | D:3      | Found an ancient bone altar of Kikubaaqudgha.
  1794 | D:3      | Found a burning altar of Makhleb.
  1794 | D:3      | Found a glowing silver altar of Zin.
  1993 | D:4      | Found a bloodstained altar of Trog.
  2101 | D:4      | Found a staircase to the Ecumenical Temple.
  2151 | Temple   | Entered the Ecumenical Temple
  2182 | Temple   | Became a worshipper of Vehumet
  2450 | D:4      | Noticed Menkaure
  2551 | D:4      | Killed Menkaure
  2552 | D:4      | Reached skill level 4 in Stealth
  2552 | D:4      | Reached XP level 6. HP: 45/45 MP: 6/8
  2995 | D:2      | Noticed Natasha
  3008 | D:2      | Killed Natasha
  3136 | D:2      | Noticed Natasha
  3144 | D:2      | Killed Natasha
  3145 | D:2      | Reached XP level 7. HP: 41/49 MP: 9/9
  3240 | D:2      | Killed Terence
  3355 | D:5      | Entered Level 5 of the Dungeon
  3371 | D:5      | Found Coibiation's Antique Weapon Shoppe.
  3431 | D:5      | Reached skill level 5 in Stealth
  3466 | D:5      | Reached skill level 5 in Fighting
  3512 | D:5      | Found Araschifa's Distillery.
  3515 | D:5      | Bought a potion of degeneration for 11 gold pieces
  3616 | D:5      | Reached * piety under Vehumet
  3616 | D:5      | Offered knowledge of Sting by Vehumet.
  3820 | D:5      | Found a large runed translucent door.
  3820 | D:5      | Found a large runed translucent door.
  3822 | D:5      | Identified the +1 short sword "Orcheum" {distort, ^Drain
                  | rF++ rC+ Will+}
  3823 | D:5      | Found a corrupted altar of Lugonu.
  3934 | D:5      | Found Pumneiwo's General Store.
  3953 | D:5      | Found a snail-covered altar of Cheibriados.
  3975 | D:5      | Found Gywk's Book Shop.
  3993 | D:5      | Found a one-way gate to the infinite horrors of the Abyss.
  4063 | D:5      | Found Baozaxyte's Book Shoppe.
  4521 | D:6      | Reached XP level 8. HP: 55/55 MP: 11/11
  4558 | D:6      | Found a blossoming altar of Fedhas.
  4608 | D:6      | Found a runed translucent door.
  4609 | D:6      | Noticed Crazy Yiuf
  4711 | D:5      | Bought an ancient falchion for 200 gold pieces
  4711 | D:5      | Identified the +5 falchion of the Dove {drain, Dex+4} (You
                  | bought it in a shop on level 5 of the Dungeon)
  4723 | D:6      | Noticed Prince Ribbit
  4725 | D:6      | Killed Prince Ribbit
  4726 | D:6      | Reached skill level 5 in Short Blades
  4792 | D:6      | Reached skill level 6 in Stealth
  4948 | D:6      | Got the Tome of the Combined Alembic
  5216 | D:6      | Identified the +7 short sword "Eviscerator" {speed, Dex+2}
  5365 | D:7      | Offered knowledge of Sandblast by Vehumet.
  5372 | D:7      | Reached ** piety under Vehumet
  5400 | D:7      | Reached skill level 5 in Dodging
  5418 | D:7      | Found an opulent altar of Gozag.
  5452 | D:7      | Reached skill level 1 in Long Blades
  5495 | D:7      | Reached XP level 9. HP: 61/61 MP: 14/14
  5614 | D:7      | Found a sacrificial altar of Ru.
  5976 | D:7      | Reached skill level 1 in Throwing
  5976 | D:7      | Reached skill level 7 in Stealth
  6115 | D:7      | Noticed Maurice
  6123 | D:7      | Killed Maurice
  6483 | D:7      | Offered knowledge of Frozen Ramparts by Vehumet.
  6496 | D:7      | Learned a level 3 spell: Frozen Ramparts
  6636 | D:8      | Noticed a troll
  6656 | D:8      | Killed an unseen horror
  6657 | D:8      | Reached skill level 8 in Stealth
  6657 | D:8      | Reached skill level 5 in Ice Magic
  6657 | D:8      | Reached XP level 10. HP: 39/68 MP: 14/17
  6662 | D:8      | Found a staircase to the Lair.
  6683 | D:8      | Found a sparkling altar of Nemelex Xobeh.
  6683 | D:8      | Found a shimmering altar of Xom.
  6778 | D:8      | Reached *** piety under Vehumet
  6872 | D:7      | Reached skill level 5 in Spellcasting
  7052 | D:7      | Reached skill level 1 in Necromancy
  7491 | D:9      | Found the +0 toga "Victory" {*Victory Clar}
  7534 | D:9      | Offered knowledge of Volatile Blastmotes by Vehumet.
  7727 | D:9      | Learned a level 3 spell: Mephitic Cloud
  7825 | D:9      | Noticed a two-headed ogre
  7891 | D:9      | Noticed Harold
  8186 | D:9      | Reached **** piety under Vehumet
  8247 | D:9      | Reached skill level 1 in Alchemy
  8296 | D:8      | Learned a level 3 spell: Fugue of the Fallen
  8297 | Lair:1   | Entered Level 1 of the Lair of Beasts
  8297 | Lair:1   | Noticed an elephant
  8297 | Lair:1   | Noticed an elephant
  8300 | Lair:1   | Noticed an elephant
  8316 | Lair:1   | Noticed a cane toad
  8347 | Lair:1   | Noticed a cane toad
  8365 | Lair:1   | Noticed a black mamba
  8394 | Lair:1   | Noticed Gastronok
  8450 | Lair:1   | Killed a black mamba
  8451 | Lair:1   | Reached skill level 1 in Conjurations
  8451 | Lair:1   | Reached skill level 1 in Air Magic
  8463 | Lair:1   | Slain by a cane toad

Illustrated notes

Levels and vault maps discovered:
D:1:      dpeg_arrival_round_c, layout_loops_ring,
          nicolae_concentric_dashed_squares_mild, nicolae_figureground_sparkle
D:2:      layout_basic, uniq_robin, uniq_terence, uniq_natasha
D:3:      layout_loops_ring, grunt_temple_overflow_open, uniq_jessica
D:4:      layout_basic, mainiacjoe_overflow_chevrons,
          minmay_temple_entry_junction, uniq_menkaure
D:5:      due_chaos_kobolds, layout_gridville, kennysheep_slug_shrine,
          serial_demonic, serial_demonic_b, serial_demonic_g, serial_demonic_g,
          serial_demonic_e, serial_demonic_c, serial_shops,
          nicolae_book_shop_shelving, shop, shop, nicolae_shop_real_fake_doors,
          shop
D:6:      layout_gridville, fedhas_bush_and_centaur_altar,
          uniq_crazy_yiuf_cottage, uniq_prince_ribbit1
D:7:      kb_forest_paths, layout_loops_ring, grunt_gozag_statues,
          kennysheep_little_box, kennysheep_generic_room_7, uniq_maurice
D:8:      minmay_bloctagon_deflated, layout_basic,
          mainiacjoe_overflow_large_starburst, erik_lair_orcish_takeover
D:9:      layout_roguey, uniq_harold
Temple:   hellmonk_temple_beads
Lair:1:   layout_gridlike, portal_ice_cave_entry_ice_simulacra,
          lightli_volcano_entry_magma_tube, uniq_gastronok

Skill      XL: |  1  2  3  4  5  6  7  8  9 10 |
---------------+-------------------------------+-----
Stealth        | 2 4 5 6 8 |  8.8
Dodging        | 1 2 3 5 6 |  6.9
Ice Magic      | 1 2 3 5 6 |  6.1
Spellcasting   | 1 2 3 4 5 |  5.9
Short Blades   | 4 5 |  5.5
Fighting       | 5 6 |  6.5
Long Blades    | 1 3 4 |  4.8
Throwing       | 1 |  1.8
Necromancy     | 2 |  2.2
Alchemy        | 1 |  1.6
Conjurations   | 1 |  1.1
Air Magic      | 1 |  1.1
Invocations    | |  2.0
Evocations     | |  0.4

Action                     |  1- 3 |  4- 6 |  7- 9 | 10-12 || total
---------------------------+-------+-------+-------+-------++-------
  Melee: Short sword       |    71 |       |       |       ||    71
         Constrict         |    15 |    22 |    45 |    25 ||   107
         Tentacles         |    12 |    18 |    56 |    25 ||   111
         Punch             |     1 |       |     4 |     1 ||     6
         Dagger            |       |    89 |   124 |     9 ||   222
         Falchion          |       |       |   115 |   101 ||   216
  Throw: Dart              |       |       |    20 |     2 ||    22
         Javelin           |       |       |     2 |       ||     2
   Cast: Ozocubu's Armour  |       |     1 |     8 |     8 ||    17
         Frozen Ramparts   |       |       |       |    11 ||    11
         Mephitic Cloud    |       |       |       |     1 ||     1
  Evoke: Wand              |       |       |     2 |     1 ||     3
    Use: Potion            |       |       |     2 |     3 ||     5
         Scroll            |       |       |     1 |    14 ||    15
   Stab: Sleeping          |     9 |     8 |    16 |     9 ||    42
 Armour: Skin              |    19 |    26 |   133 |    69 ||   247
  Dodge: Dodged            |    24 |    34 |   198 |   148 ||   404
